 Dungeon Crawl Stone Soup version 0.19.1 (webtiles) character file.

5771 XO4YCPATb the Carver (level 10, 0/51 HPs)
             Began as a Vine Stalker Berserker on Dec 16, 2016.
             Was a High Priest of Trog.
             Slain by Joseph
             ... wielding a +1 quarterstaff of speed
              (8 damage)
             ... on level 10 of the Dungeon.
             The game lasted 00:17:00 (8392 turns).

XO4YCPATb the Carver (Vine Stalker Berserker)       Turns: 8392, Time: 00:17:00

Health: 0/51       AC:  5    Str: 21    XL:     10   Next: 78%
Magic:  0/15       EV: 14    Int:  7    God:    Trog [*****.]
Gold:   321        SH:  0    Dex: 16    Spells: 0 memorised, 9 levels left

rFire  . . .     SeeInvis .     v - +0 long sword
rCold  . . .     Gourm    .     A - +1 leather armour "Tits" {rElec}
rNeg   . . .     Faith    .     (no shield)
rPois  .         Spirit   +     (no helmet)
rElec  +         Reflect  .     y - +0 cloak {+Inv}
rCorr  .         Harm     .     (no gloves)
MR     +....                    (no boots)
Stlth  ++........               (no amulet)
                                u - +2 ring of slaying
                                (no ring)

@: exhausted, slowed, very slow
A: fangs 3, regeneration 1, magic shield, antimagic bite, no device heal 3, rot
immunity
a: Berserk, Trog's Hand, Brothers in Arms, Burn Spellbooks, Renounce Religion,
Evoke Invisibility


You were on level 10 of the Dungeon.
You worshipped Trog.
Trog was extremely pleased with you.
You were very hungry.

You visited 1 branch of the dungeon, and saw 10 of its levels.
You also visited: Ossuary.

You collected 657 gold pieces.
You spent 336 gold pieces at shops.

Inventory:

Hand Weapons
 v - a +0 long sword (weapon)
Armour
 y - a +0 cloak of invisibility (worn)
 A - the +1 leather armour "Tits" (worn) {rElec}
   (You found it on level 5 of the Dungeon)

   It insulates you from electricity.
Jewellery
 o - an uncursed ring of flight
 u - a +2 ring of slaying (right hand)
Wands
 b - a wand of slowing (26/48)
 l - a wand of random effects (48/48)
 D - a wand of digging (13/24)
 F - a wand of flame (36/48)
 H - a wand of flame (14/48)
Scrolls
 e - 5 scrolls of teleportation
 k - a scroll of blinking
 m - 2 scrolls of fog
 p - 4 scrolls of remove curse
 r - a scroll of immolation
 t - 2 scrolls of magic mapping
 I - a scroll of identify
 J - a scroll of enchant weapon
 K - a scroll of enchant armour
Potions
 a - a potion of cancellation
 f - 7 potions of flight
 h - a potion of lignification
 i - 6 potions of curing {unknown}
 j - 5 potions of heal wounds {unknown}
 n - a potion of cure mutation {unknown}
 s - a potion of agility {unknown}
 w - a potion of degeneration {unknown}
 x - 3 potions of brilliance {unknown}
 z - a potion of beneficial mutation {unknown}
 B - a potion of magic {unknown}
 C - a potion of resistance {unknown}
 G - a potion of haste {unknown}
Books
 L - a book of Conjurations

   Spells                             Type                      Level
   a - Magic Dart                     Conjuration                  1
   b - Searing Ray                    Conjuration                  2
   c - Dazzling Spray                 Conjuration/Hexes            3
   d - Fulminant Prism                Conjuration/Hexes            4
   e - Iskenderun's Mystic Blast      Conjuration                  4
   f - Iskenderun's Battlesphere      Conjuration/Charms           5
   Trog disapproves of the use of such an item.
Comestibles
 c - 4 bread rations
 d - 7 meat rations
 g - 4 fruits
 E - a beef jerky


   Skills:
 + Level 5.3 Fighting
 * Level 11.4 Long Blades
 - Level 1.5 Armour
 + Level 4.3 Dodging
 - Level 4.0 Stealth
 - Level 5.5 Evocations


You had 9 spell levels left.
You didn't know any spells.

Dungeon Overview and Level Annotations

Branches:
Dungeon (10/15)            Temple (0/1) D:6
   Lair: D:8-11         Orc: D:9-12

Altars:
Cheibriados
Dithmenos
Elyvilon
Gozag
Kikubaaqudgha
Makhleb
Okawaru
Qazlal
Ru
Trog
Xom
Yredelemnul
The Shining One

Shops:
D:9 ?   D:10 *

Annotations:
D:10 Joseph


Innate Abilities, Weirdness & Mutations

You have razor-sharp teeth.
Your natural rate of healing is unusually fast.
When hurt, damage is shared between your health and your magic reserves.
Your bite disrupts and absorbs the magic of your enemies.
Potions and wands cannot restore your health.
You are immune to rotting.


Message History

Joseph hits you with an uncursed quarterstaff of speed. x2
Unknown command.
You closely miss Joseph.
Joseph is severely wounded.
Joseph hits you with an uncursed quarterstaff of speed.
You hit Joseph but do no damage. Your bite misses Joseph.
Joseph is severely wounded.
Joseph hits you with an uncursed quarterstaff of speed!
You hit Joseph. Your bite misses Joseph.
Joseph is almost dead.
Joseph hits you with an uncursed quarterstaff of speed!
* * * LOW HITPOINT WARNING * * *
Joseph hits you with an uncursed quarterstaff of speed!
* * * LOW HITPOINT WARNING * * *
You are too injured to fight recklessly!
Unknown command.
You barely miss Joseph. Your bite misses Joseph.
Joseph is almost dead.
Joseph hits you with an uncursed quarterstaff of speed!
You die...

##..... ###.#.#
.....$...##..♣.<##
..............(..##.
............♣∩♣.....>.
#...........(.....#..#
#...........)♣......##
....................#
...................##
......@@..........##
.................##
.........##.......#
.........#####.....
.........# .....
.....#.... ###
.###.....# #......


You could see Joseph.

Vanquished Creatures
  Erolcha (D:9)
  Pikel (D:7)
  A hill giant (D:10)
  Prince Ribbit (D:7)
  Grinder (D:3)
  2 hippogriffs
  Menkaure (D:6)
  Duvessa (D:4)
  A black bear (D:8)
  An orc warrior (D:8)
  4 sky beasts
  A slave (D:7)
  2 phantoms
  An ogre (D:4)
  5 centaurs
  4 bullfrogs (D:8)
  A scorpion (D:8)
  Dowan (D:4)
  A wyvern skeleton (D:7)
  4 electric eels (D:8)
  3 howler monkeys (D:7)
  3 crimson imps
  2 bullfrog zombies
  2 hounds
  A gnoll shaman (D:5)
  The ghost of balthal1 the Sneak, a weakling VSEn (D:3)
  4 jellies
  3 orc priests
  3 bullfrog skeletons
  9 orc wizards
  Jessica (D:2)
  A centaur skeleton (D:6)
  An iguana (D:6)
  Terence (D:3)
  4 worker ants
  A killer bee zombie (D:8)
  A big kobold zombie (Ossuary)
  9 mummies
  5 gnolls (D:5)
  7 adders
  2 oozes (D:3)
  An adder zombie (D:6)
  An adder skeleton (D:4)
  A worm (D:3)
  3 dart slugs
  2 leopard geckos (D:1)
  35 orcs
  6 giant cockroaches
  A gnoll zombie (Ossuary)
  9 goblins
  5 hobgoblins
  3 jackals (D:7)
  4 kobolds
  5 quokkas
  7 bats
  8 frilled lizards
  4 hobgoblin zombies (Ossuary)
  2 kobold zombies
  A leopard gecko skeleton (D:5)
  2 orc zombies
  A quokka skeleton (D:7)
  9 rats
209 creatures vanquished.

Vanquished Creatures (others)
  2 slaves (D:7)
  A jackal (D:7)
  A plant (D:8)
4 creatures vanquished.

Grand Total: 213 creatures vanquished

Notes
Turn   | Place    | Note
-------+----------+-------------------------------------------
     0 | D:1      | XO4YCPATb the Vine Stalker Berserker began the quest for the Orb.
     0 | D:1      | Reached XP level 1. HP: 11/11 MP: 2/2
    27 | D:1      | Reached skill level 1 in Stealth
    29 | D:1      | Reached skill level 3 in Long Blades
   281 | D:1      | Reached XP level 2. HP: 14/16 MP: 3/3
   941 | D:1      | Reached XP level 3. HP: 19/19 MP: 4/4
  1431 | D:2      | Noticed Jessica
  1434 | D:2      | Killed Jessica
  1456 | D:2      | Reached ** piety under Trog
  1474 | D:2      | Gained mutation: Your natural rate of healing is unusually fast. [Vine Stalker growth]
  1474 | D:2      | Reached XP level 4. HP: 23/23 MP: 5/5
  2338 | D:3      | Noticed balthal1's ghost (weakling VSEn)
  2344 | D:3      | Killed balthal1's ghost
  2344 | D:3      | Reached skill level 4 in Long Blades
  2396 | D:3      | Found an ancient bone altar of Kikubaaqudgha.
  2457 | D:3      | Reached XP level 5. HP: 25/28 MP: 6/6
  2564 | D:3      | Noticed Terence
  2570 | D:3      | Killed Terence
  2950 | D:3      | Noticed Grinder
  2960 | D:3      | Killed Grinder
  2960 | D:3      | Reached XP level 6. HP: 17/32 MP: 7/7
  3055 | D:3      | Reached skill level 5 in Long Blades
  3357 | D:4      | Reached XP level 7. HP: 37/37 MP: 8/8
  3485 | D:4      | Reached skill level 6 in Long Blades
  3581 | D:4      | Noticed Dowan
  3585 | D:4      | Noticed Duvessa
  3587 | D:4      | Killed Dowan
  3594 | D:4      | Killed Duvessa
  3917 | D:5      | Entered Level 5 of the Dungeon
  4376 | D:5      | Found a white marble altar of Elyvilon.
  4376 | D:5      | Found an iron altar of Okawaru.
  4381 | D:5      | Found a faded altar of an unknown god.
  4385 | D:5      | Gained mutation: You have razor-sharp teeth. [Vine Stalker growth]
  4385 | D:5      | Reached XP level 8. HP: 42/42 MP: 9/9
  4386 | D:5      | Found a faded altar of an unknown god.
  4387 | D:5      | Found a faded altar of an unknown god.
  4514 | D:5      | Found a snail-covered altar of Cheibriados.
  4517 | D:5      | Found an opulent altar of Gozag.
  4519 | D:5      | Found a burning altar of Makhleb.
  4542 | D:5      | Got a faintly humming leather armour
  4553 | D:5      | Identified the +1 leather armour "Tits" {rElec} (You found it on level 5 of the Dungeon)
  4636 | D:5      | Found a shimmering altar of Xom.
  4640 | D:5      | Found a bloodstained altar of Trog.
  4641 | D:5      | Found a glowing golden altar of the Shining One.
  4641 | D:5      | Found a basalt altar of Yredelemnul.
  4798 | D:5      | Reached skill level 7 in Long Blades
  4798 | D:5      | Reached skill level 1 in Evocations
  4852 | D:5      | Reached *** piety under Trog
  4914 | D:5      | Found a stormy altar of Qazlal.
  5207 | D:6      | Noticed Menkaure
  5216 | D:6      | Killed Menkaure
  5327 | D:6      | Reached skill level 8 in Long Blades
  5474 | D:6      | Found a staircase to the Ecumenical Temple.
  5507 | D:6      | Found a sacrificial altar of Ru.
  5614 | D:7      | Found a sand-covered staircase.
  5634 | Ossuary  | Entered an ossuary
  5653 | Ossuary  | Reached XP level 9. HP: 45/45 MP: 12/12
  5877 | D:7      | Reached **** piety under Trog
  5912 | D:7      | Reached skill level 9 in Long Blades
  5967 | D:7      | Noticed Pikel
  5974 | D:7      | Killed Pikel
  6134 | D:7      | Noticed Prince Ribbit
  6145 | D:7      | Killed Prince Ribbit
  6198 | D:7      | Reached skill level 10 in Long Blades
  6198 | D:7      | Reached skill level 5 in Evocations
  6670 | D:8      | Reached XP level 10. HP: 39/49 MP: 12/15
  6943 | D:8      | Reached ***** piety under Trog
  7743 | D:9      | Found a shadowy altar of Dithmenos.
  7763 | D:9      | Found Xuddair's Magic Scroll Boutique.
  7767 | D:9      | Reached skill level 11 in Long Blades
  7791 | D:9      | Bought a scroll of fog for 24 gold pieces
  7791 | D:9      | Bought a scroll of teleportation for 36 gold pieces
  7791 | D:9      | Bought a scroll of teleportation for 36 gold pieces
  7791 | D:9      | Bought a scroll of identify for 24 gold pieces
  7791 | D:9      | Bought a scroll of enchant weapon for 90 gold pieces
  7791 | D:9      | Bought a scroll of teleportation for 36 gold pieces
  7791 | D:9      | Bought a scroll of enchant armour for 90 gold pieces
  8039 | D:9      | Noticed Erolcha
  8054 | D:9      | Killed Erolcha
  8054 | D:9      | Reached skill level 5 in Fighting
  8370 | D:10     | Entered Level 10 of the Dungeon
  8370 | D:10     | Found Noorijot's General Store.
  8371 | D:10     | Noticed a hill giant
  8377 | D:10     | Noticed Joseph
  8377 | D:10     | Killed a hill giant
  8392 | D:10     | Slain by Joseph

Skill      XL: |  1  2  3  4  5  6  7  8  9 10 |
---------------+-------------------------------+-----
Stealth        | 1 2 3 4 |  4.0
Long Blades    | 3 4 5 6 8 10 11 | 11.4
Fighting       | 3 4 5 |  5.3
Dodging        | 2 4 |  4.3
Evocations     | 3 5 |  5.5
Armour         | |  1.5

Action                   |  1- 3 |  4- 6 |  7- 9 | 10-12 || total
-------------------------+-------+-------+-------+-------++-------
Melee: Falchion          |    65 |    72 |       |       ||   137
       Bite              |    14 |    42 |    95 |    61 ||   212
       Long sword        |       |    19 |   222 |   124 ||   365
Invok: Berserk           |     2 |     5 |    10 |     5 ||    22
       Trog's Hand       |       |     2 |     1 |       ||     3
  Use: Scroll            |       |       |     6 |     7 ||    13
 Stab: Sleeping          |     3 |     8 |     6 |     3 ||    20
  Eat: Chunk             |     4 |    11 |    13 |     9 ||    37
       Royal jelly       |       |       |     1 |       ||     1
       Fruit             |       |       |     1 |       ||     1
       Bread ration      |       |       |     1 |       ||     1
Armor: Animal skin       |    19 |     1 |       |       ||    20
       Leather armour    |       |    23 |    50 |    23 ||    96
Dodge: Dodged            |    61 |    44 |   127 |    73 ||   305
       Rpst.: Falchion   |    26 |    11 |       |       ||    37
       Long sword        |       |     6 |    44 |    25 ||    75
